 Dungeon Crawl Stone Soup version 0.16-a0-3049-g2a447e9 (webtiles) character file.

67 Kemay the Scratcher (level 3, -2/15 HPs)
             Began as a Felid Transmuter on Dec 9, 2014.
             Slain by a kobold (4 damage)
             ... on level 2 of the Dungeon.
             The game lasted 00:04:46 (1641 turns).

Kemay the Scratcher (Felid Transmuter)              Turns: 1641, Time: 00:04:46

Health: -2/15      AC:  1    Str:  6    XL:     3   Next: 98%
Magic:  8/8        EV: 19    Int: 14    God:
Gold:   118        SH:  0    Dex: 17    Spells: 1 memorised, 5 levels left
                                        Lives:  0   Deaths: 0

rFire  . . .     SeeInvis +       - Unarmed
rCold  . . .     Clarity  .     (armour unavailable)
rNeg   . . .     SustAb   .     (shield unavailable)
rPois  .         Gourm    .     (helmet unavailable)
rElec  .         Spirit   .     (cloak unavailable)
rCorr  .         Warding  .     (gloves unavailable)
rMut   .         Stasis   .     (boots unavailable)
MR     +....                    (no amulet)
Stlth  +.........               (no ring)
                                c - ring of protection from magic

@: appendage, glowing, quick, somewhat resistant to hostile enchantments, very
unstealthy
A: paw claws, no armour, no weapons or thrown items, fangs 3, horns 2, see
invisible, carnivore 3, speed 1, shaggy fur 1, slow metabolism 1
a: End Transformation


You were on level 2 of the Dungeon.
You were not hungry.
You had grown temporary horns.
You visited 1 branch of the dungeon, and saw 2 of its levels.

You collected 118 gold pieces.

Inventory:

Jewellery
 c - a ring of protection from magic (left paw)
Scrolls
 h - a scroll of remove curse {unknown}
Potions
 b - a potion of agility {unknown}
 e - a potion of might {unknown}
 f - a potion of curing {unknown}
 i - a potion of magic {unknown}
Books
 d - a book of Changes

   Spells                             Type                      Level
   a - Beastly Appendage              Transmutation                1
   b - Sticks to Snakes               Transmutation                2
   c - Spider Form                    Transmutation/Poison         3
   d - Ice Form                       Ice/Transmutation            4
   e - Blade Hands                    Transmutation                5
Comestibles
 a - 3 meat rations
 g - a royal jelly


   Skills:
 - Level 1.0 Fighting
 + Level 3.8 Dodging
 * Level 4.4 Unarmed Combat
 - Level 2.0 Spellcasting
 - Level 2.1 Transmutations


You had 5 spell levels left.
You knew the following spells:

 Your Spells              Type           Power        Failure   Level  Hunger
a - Beastly Appendage     Trmt           #.....       12%         1    ##.....


Dungeon Overview and Level Annotations

Branches:
Dungeon (2/15)

Altars:
Makhleb
Zin


Innate Abilities, Weirdness & Mutations

You cannot wear armour.
You are incapable of wielding weapons or throwing items.
Your paws have sharp claws.
You have razor-sharp teeth.
You have supernaturally acute eyesight.
You are carnivorous and can eat meat at any time.
You cover ground quickly.
You are covered in fur (AC +1).
You have a slow metabolism.
You have a pair of horns on your head.


Message History

The kobold hits you.
You scratch the adder.
You kill the adder!
The giant gecko misses you.
You completely miss the kobold. You headbutt the kobold.
The kobold is heavily wounded.
The giant gecko closely misses you. The kobold hits you.
The kobold closely misses you. The giant gecko completely misses you.
You barely miss the kobold.
The kobold is heavily wounded.
The kobold misses you. The giant gecko closely misses you.
The kobold closely misses you.
You closely miss the kobold.
The kobold is heavily wounded.
The kobold misses you. The giant gecko bites you.
* * * LOW HITPOINT WARNING * * *
You claw the kobold!
You kill the kobold!
The kobold hits you.
You die...

..# #..........<##.K...
..####............K.....
..#...#####+#.#.........
..#...#####...#..........
.(...............##
..............#.(.#
###...#########...#
..........# #.#)l###
##############.K@..###
###### #2#_..._#A# .....#
###.....### ..[..######
#.[+###
.....#..(.#####...#
.....#........#...#
.....#............#
.....#"...........#
.....+............#.


You could see an angel, a green death, a giant gecko and a kobold.

Vanquished Creatures
  Jessica (D:2)
  An adder (D:2)
  2 worms (D:2)
  An ooze (D:1)
  3 bats (D:1)
  A giant cockroach (D:1)
  4 hobgoblins
  2 kobolds
  2 ball pythons (D:1)
  2 giant newts
  7 goblins (D:1)
  4 rats (D:1)
30 creatures vanquished.

Notes
Turn   | Place    | Note
--------------------------------------------------------------
     0 | D:1      | Kemay, the Felid Transmuter, began the quest for the Orb.
     0 | D:1      | Reached XP level 1. HP: 9/9 MP: 4/4
   330 | D:1      | Reached XP level 2. HP: 4/12 MP: 3/5
  1312 | D:2      | Noticed Jessica
  1316 | D:2      | Killed Jessica
  1316 | D:2      | Reached skill level 4 in Unarmed Combat
  1316 | D:2      | Reached XP level 3. HP: 13/15 MP: 6/8
  1612 | D:2      | Found a burning altar of Makhleb.
  1614 | D:2      | Found a glowing silver altar of Zin.
  1614 | D:2      | Noticed a green death
  1614 | D:2      | Noticed an angel
  1641 | D:2      | Slain by a kobold

Action                   || total
-------------------------++-------
Melee: Unarmed           ||    84
 Cast: Beastly Appendage ||    20
 Abil: End Transformatio ||     5
  Use: Scroll            ||     3
 Stab: Sleeping          ||     1
  Eat: Chunk             ||     4
